Map: Galaktyczna przetwórnia ER

Players

AnDreJOO - Winner!

  • Race: Protoss Protoss
  • League: Master

ReigN

  • Race: Zerg Zerg
  • League: Master

VOD

Have the link to the VOD?

Description

Time

  • Played on: Sept. 19, 2016, 6:14 p.m.
  • Length: 8:35
Show
View Real Time Build Order
Export as new Build Order

AnDreJOO Protoss - Winner!

Build Orders: 1 Gate Expand, Dark Templar Rush 

Get SALT Encoding   

  12  0:01  Probe (Chrono Boost)  
  13  0:11  Probe (Chrono Boost)  
  14  0:20  Pylon  
  14  0:22  Probe (Chrono Boost)  
  15  0:39  Probe (Chrono Boost)  
  15  0:42  Gateway  
  16  0:44  Assimilator  
  16  0:49  Probe (Chrono Boost)  
  17  1:00  Probe (Chrono Boost)  
  18  1:10  Probe (Chrono Boost)  
  19  1:21  Probe (Chrono Boost)  
  20  1:27  Nexus  
  20  1:46  Probe (Chrono Boost)  
  21  1:47  Cybernetics Core  
  21  1:51  Assimilator  
  21  1:54  Pylon  
  21  2:00  Probe (Chrono Boost)  
  22  2:12  Probe (Chrono Boost)  
  23  2:25  Adept  
  23  2:27  Probe (Chrono Boost)  
  26  2:30  Warp Gate, Twilight Council  
  26  2:39  Probe (Chrono Boost)  
  27  2:45  Probe (Chrono Boost)  
  27  2:50  Probe (Chrono Boost), Pylon  
  29  2:55  Probe (Chrono Boost)  
  29  2:56  Adept  
  32  3:01  Probe (Chrono Boost)  
  33  3:06  Probe (Chrono Boost)  
  33  3:11  Probe (Chrono Boost)  
  35  3:16  Probe (Chrono Boost)  
  36  3:22  Probe (Chrono Boost), Dark Shrine  
  38  3:27  Probe (Chrono Boost)  
  38  3:32  Probe (Chrono Boost)  
  39  3:37  Probe (Chrono Boost)  
  39  3:40  Gateway x2  
  40  3:43  Mothership Core (Chrono Boost)  
  42  3:51  Pylon  
  43  4:03  Probe (Chrono Boost)  
  43  4:05  Probe (Chrono Boost)  
  44  4:11  Gateway  
  44  4:13  Gateway  
  44  4:15  Probe (Chrono Boost)  
  44  4:16  Pylon  
  46  4:17  Probe (Chrono Boost)  
  44  4:31  Pylon x2  
  44  4:37  Dark Templar  
  46  4:39  Dark Templar  
  31  5:08  Dark Templar  
  28  5:14  Zealot x2  
  22  5:22  Probe (Chrono Boost)  
Show
View Real Time Build Order
Export as new Build Order

ReigN Zerg 

Build Orders: Hatch First 

Get SALT Encoding   

  12  0:02  Drone  
  13  0:16  Overlord  
  13  0:17  Drone  
  14  0:24  Extractor  
  14  0:27  Drone  
  15  0:34  Drone  
  16  0:40  Drone  
  18  0:50  Drone  
  18  0:59  Hatchery  
  18  1:02  Extractor  
  18  1:03  Drone  
  17  1:18  Spawning Pool  
  16  1:21  Drone  
  17  1:26  Drone  
  18  1:33  Drone  
  19  1:43  Overlord  
  19  2:04  Queen  
  19  2:05  Metabolic Boost  
  21  2:17  Queen  
  21  2:20  Zergling x2  
  25  2:22  Zergling x2  
  25  2:26  Zergling x2  
  25  2:28  Zergling x2  
  27  2:39  Roach Warren  
  27  2:43  Drone x2  
  28  2:48  Overlord  
  28  2:55  Overlord  
  28  2:58  Overlord  
  27  3:19  Roach x5  
  37  3:23  Roach  
  37  3:26  Roach  
  41  3:30  Roach  
  43  3:37  Zergling x6  
  43  3:40  Zergling x2  
  47  3:54  Zergling x10  
  51  4:04  Zergling x4  
  53  4:12  Zergling x10  
  57  4:33  Zergling x2  
  57  4:34  Zergling x4  
  56  5:00  Zergling x8  
  55  5:21  Spore Crawler  
  37  5:35  Drone  
  37  5:36  Drone  
  36  5:51  Spore Crawler  
  36  5:54  Spore Crawler  
  35  5:58  Spore Crawler  
  34  6:08  Zergling x18  
  39  6:22  Drone  
  35  6:49  Spore Crawler  
  35  6:50  Spore Crawler  
  12  7:36  Drone x2  
Tags
 
Add a new tag
Caveats
  • Supply blocks, unpowered buildings, or Contaminate may cause inaccurate times.
  • Supply counts are checked every 10 seconds.